Unix NetHack Version 5.0.0-0 post-release - last build May 23 2026 06:08:33 (1c0ff79ee797540d5714e4e18072db0edd9e58ae,branch:main).

Game began 2026-05-29 06:45:35, ended 2026-05-29 07:02:56.

Atomicjoy, chaotic male elven Wizard

   --- -----                    --
   |.. |...---                --.-
   |..--.....--              -...
    -.........--             ...
    --.........|      ------..
     |........--     -....|..
     |........|      .......
     |........--     ......
     |...).....---  .....
     --.*.....(..|  ....
      |...^......--....-
      --...----........|
      --..--  ----....--
      |..--    ---.....|
      |..--    |.... ..-
      |-).|-----..----.`---    --   ----  |
      |...|......G-)@.....................|
      --...<-----------  ..--   -----------
       --..--             --
        ----
Atomicjoy the Evoker      St:14 Dx:11 Co:13 In:18 Wi:9 Ch:12  Chaotic
Dlvl:4  $:63 HP:0(22) Pw:15(20) AC:9  Xp:2/24 T:1942  Hungry  

Latest messages:
 The gnome is killed!
 The housecat bites the gnome.
 The gnome is killed!
 The dwarf picks up a bow.
 The housecat misses the dwarf.
 The dwarf picks up 9 arrows.
 The housecat misses the dwarf.
 The housecat bites the dwarf.
 The dwarf wields a broad short sword!
 The housecat misses the giant rat.
 The housecat picks up a black gem.
 The housecat bites the giant rat.
 The housecat drops a black gem.
 The housecat bites the giant rat.
 The giant rat bites the housecat.
 You see here a hooded cloak.
 The housecat misses the giant rat.
 M - a hooded cloak.
 The giant rat bites!
 The housecat bites the giant rat.
 The giant rat misses the housecat.
 You see here a candle.
 The giant rat bites!
 The housecat bites the giant rat.
 The giant rat is killed!
 Your housecat grows up into a large cat.
 N - a candle.
 The large cat misses the dwarf.
 The large cat misses the dwarf.
 The large cat misses the dwarf.
 The large cat picks up a black gem.
 The large cat misses the dwarf.
 The large cat bites the dwarf.
 You hear some noises in the distance.
 The large cat drops a black gem.
 The large cat misses the dwarf.
 The dwarf throws a stout spear!
 You are hit by a stout spear.
 You have a little trouble lifting a corroded stout spear.  Continue? [ynq] (q) n
 The dwarf wields a bow!
 The gnome wields a thonged club!
 The gnome secures the tether on the thonged club.
 The gnome swings his thonged club.
 The gnome hits!
 The gnome swings his thonged club.
 The gnome hits!
 The gnome throws a thonged club!
 You are hit by a thonged club.
 You die...
 Do you want your possessions identified? [ynq] (y) q

Inventory:
 Coins    ('$')
  $ - 63 gold pieces
 Weapons  (')')
  s - 6 cursed -2 shuriken
  K - a +0 dagger
  H - a cursed -1 dagger
  a - a blessed +1 quarterstaff (weapon in hands)
 Armor    ('[')
  J - a cursed -1 orcish helm
  b - an uncursed +0 cloak of magic resistance (being worn)
  M - an uncursed +0 dwarvish cloak
 Comestibles  ('%')
  v - 4 uncursed food rations
  x - 2 uncursed lichen corpses
 Scrolls  ('?')
  j - a blessed scroll of enchant armor
  I - an uncursed scroll of enchant armor
  i - an uncursed scroll of identify
  u - an uncursed scroll of light
  k - an uncursed scroll of remove curse
 Spellbooks  ('+')
  m - an uncursed spellbook of extra healing
  l - a blessed spellbook of force bolt
  y - an uncursed spellbook of healing
  w - an uncursed spellbook of invisibility
  L - an uncursed spellbook of magic mapping
 Potions  ('!')
  g - a blessed potion of booze
  D - an uncursed potion of confusion
  f - an uncursed potion of extra healing
  E - a blessed potion of healing
  p - 2 uncursed potions of healing
  h - an uncursed potion of water
 Rings    ('=')
  e - an uncursed ring of fire resistance
  d - an uncursed ring of invisibility
 Wands    ('/')
  c - a wand of cancellation (0:4)
 Tools    ('(')
  o - an uncursed leather drum
  t - an uncursed leash
  n - a magic marker (0:20)
  N - an uncursed tallow candle
 Gems/Stones  ('*')
  z - an uncursed worthless piece of orange glass
  r - an uncursed flint stone

Atomicjoy the Wizard's attributes:

Background:
 You were an Evoker, a level 2 male elven Wizard.
 You were chaotic, on a mission for Anhur
 who was opposed by Ptah (lawful) and Thoth (neutral).
 You were right-handed.
 You were in the Gnomish Mines, on level 4.
 You entered the dungeon 1942 turns ago.
 You had 24 experience points, 16 more were needed to attain level 3.

Basics:
 You had 0 out of 22 hit points.
 You had 15 out of 20 energy points (spell power).
 Your armor class was 9.
 Your wallet contained 63 zorkmids.
 Autopickup was off.

Final Characteristics:
 Your strength was 14 (limit:18).
 Your dexterity was 11 (limit:18).
 Your constitution was 13 (limit:16).
 Your intelligence was 18 (limit:20).
 Your wisdom was 9 (limit:20).
 Your charisma was 12 (limit:18).

Final Status:
 You were hungry.
 You were unencumbered.
 You were wielding a quarterstaff.
 You had basic skill with quarterstaff.

Final Attributes:
 You were devoutly aligned.
 You were magic-protected.
 You had infravision.
 You were warded.
 You are dead.

Miscellaneous:
 You didn't encounter any bones levels.
 Total elapsed playing time was 17 minutes and 12 seconds.

Major events:
 Turn
    1: Atomicjoy the chaotic male elven Wizard entered the dungeon
 1035: entered the Gnomish Mines
 1942: killed by an aklys

Spells:
 Name                 Level Category     Fail Retention
 force bolt             1   attack         0%  91%-100%
 extra healing          3   healing       87%  76%-100%
 invisibility           4   escape        98%  76%-100%
 healing                1   healing        0%  76%-100%

Skills:
 Fighting Skills
   bare handed combat [Unskilled]
   riding             [Unskilled]
 Weapon Skills
   dagger             [Unskilled]
   knife              [Unskilled]
   axe                [Unskilled]
   short sword        [Unskilled]
   club               [Unskilled]
   mace               [Unskilled]
   quarterstaff       [Basic]
   polearms           [Unskilled]
   spear              [Unskilled]
   trident            [Unskilled]
   sling              [Unskilled]
   dart               [Unskilled]
   shuriken           [Unskilled]
 Spellcasting Skills
   attack spells      [Basic]
   healing spells     [Unskilled]
   divination spells  [Unskilled]
   enchantment spells [Basic]
   clerical spells    [Unskilled]
   escape spells      [Unskilled]
   matter spells      [Unskilled]

Voluntary challenges:
 Character rerolling was not enabled.
 You never genocided any monsters.
 You never polymorphed an object.
 You never changed form.
 You used no wishes.
Achievements:
 You entered a shop.
 You entered the Gnomish Mines.

 The Dungeons of Doom: levels 1 to 4
    Level 1:
       A sink.
    Level 2:
       A potion shop, a fountain, a grave.
    Level 3:
       A fountain.
       Stairs down to The Gnomish Mines.
    Level 4:
 The Gnomish Mines:
    Level 4: <- You were here.
       Final resting place for
          you, killed by an aklys.


Vanquished creatures:
  a gnome leader
  a dwarf
  a coyote
  a gas spore
  2 hobbits
  2 giant rats
  5 gnomes
  a gecko
  8 jackals
  a fox
  3 goblins
  2 sewer rats
  5 grid bugs
  4 lichens
  2 kobold zombies
  5 newts
44 creatures vanquished.

No species were genocided or became extinct.

Game over:
                       ----------
                      /          \
                     /    REST    \
                    /      IN      \
                   /     PEACE      \
                  /                  \
                  |    Atomicjoy     |
                  |      63 Au       |
                  |   killed by an   |
                  |      aklys       |
                  |                  |
                  |                  |
                  |       2026       |
                 *|     *  *  *      | *
        _________)/\\_//(\/(/\)/\//\/|_)_______

Goodbye Atomicjoy the Wizard...

You died in The Gnomish Mines on dungeon level 4 with 303 points,
and 63 pieces of gold, after 1942 moves.
You were level 2 with a maximum of 22 hit points when you died.

